 Dungeon Crawl Stone Soup version 0.22.1-2-g9c5b331 (webtiles) character file.

77649 HoaS the Brawler (level 15, -5/148 HPs)
             Began as a Gargoyle Berserker on Jan 1, 2019.
             Was a High Priest of Trog.
             Killed from afar by a deep elf mage (31 damage)
             ... with a bolt of cold
             ... on level 15 of the Dungeon on Jan 2, 2019.
             The game lasted 01:11:55 (24298 turns).

HoaS the Brawler (Gargoyle Berserker)              Turns: 24298, Time: 01:11:56

Health: -5/148     AC: 29    Str: 26    XL:     15   Next: 57%
Magic:  15/15      EV: 19    Int:  9    God:    Trog [*****.]
Gold:   1202       SH:  0    Dex: 14    Spells: 14/14 levels left

rFire    . . .     SeeInvis .     - Unarmed
rCold    . . .     Gourm    .   (no shield)
rNeg     + . .     Faith    .   D - +0 steam dragon scales
rPois    ∞         Spirit   .   I - +1 helmet
rElec    +         Reflect  .   y - +0 cloak
rCorr    .         Harm     .   o - +1 pair of gloves
MR       +++..                  d - +2 pair of boots
Stlth    ..........             (no amulet)
HPRegen  1.34/turn              j - +3 ring of slaying
MPRegen  0.14/turn              K - +4 ring of slaying

@: berserking, flying, regenerating, very quick
A: big wings, negative energy resistance 1, electricity resistance, unbreathing,
petrification resistance, rot immunity, AC +11
a: Stop Flying, Berserk, Trog's Hand, Brothers in Arms, Renounce Religion


You were on level 15 of the Dungeon.
You worshipped Trog.
Trog was extremely pleased with you.
You were near starving.

You visited 3 branches of the dungeon, and saw 22 of its levels.

You collected 2025 gold pieces.
You spent 823 gold pieces at shops.

Inventory:

Armour
 d - a +2 pair of boots (worn)
 o - a +1 pair of gloves (worn)
 y - a +0 cloak (worn)
 B - a +0 plate armour
 D - +0 steam dragon scales (worn)
 I - a +1 helmet (worn)
Jewellery
 j - a +3 ring of slaying (left hand)
 n - an uncursed ring of protection from fire
 s - a +2 ring of evasion
 w - a +3 ring of strength
 C - a +3 ring of strength
 K - a +4 ring of slaying (right hand)
 P - an uncursed ring of protection from magic
Wands
 e - a wand of disintegration (26)
 h - a wand of random effects (14)
 i - a wand of enslavement (35)
 t - a wand of polymorph (10)
 v - a wand of iceblast (9)
 x - a wand of digging (11)
 A - a wand of flame (86)
 E - a wand of acid (17)
Scrolls
 a - 8 scrolls of teleportation
 c - 2 scrolls of fear
 g - 3 scrolls of magic mapping
 l - 6 scrolls of remove curse
 m - 4 scrolls of blinking
 H - 3 scrolls of identify
 N - a scroll of enchant armour
Potions
 f - 9 potions of curing
 k - 2 potions of ambrosia
 p - 2 potions of haste
 q - 2 potions of invisibility
 r - 3 potions of heal wounds
 u - 4 potions of mutation
 z - 2 potions of might
 F - a potion of lignification
 G - 2 potions of agility {unknown}
 L - 2 potions of flight
 M - a potion of resistance {unknown}
Comestibles
 b - 40 rations
 J - 11 chunks of flesh


   Skills:
 + Level 13.5 Fighting
 + Level 13.3 Armour
 + Level 10.5 Dodging
 * Level 16.7 Unarmed Combat


You had 14 spell levels left.
You didn't know any spells.
Your spell library was empty.

Dungeon Overview and Level Annotations

Branches:
Dungeon (13/15)            Temple (0/1) D:6            Lair (6/6) D:8
  Swamp (0/4) Lair:3        Snake (0/4) Lair:3        Slime (0/5) Lair:5
    Orc (2/2) D:11            Elf (0/3) Orc:2
 Vaults: D:13-14

Altars:
Gozag
Xom
Yredelemnul
Beogh

Shops:
D:11 [   D:15 *   Orc:2 =(*


Innate Abilities, Weirdness & Mutations

You are resistant to torment.
Your stone body is resilient. (AC +11)
You are immune to poison.
Your large and strong wings let you fly indefinitely.
You resist negative energy. (rN+)
You are resistant to electric shocks. (rElec)
You can survive without breathing.
You are immune to petrification.
You are immune to rotting.


Message History

You are too injured to fight recklessly!
You are too injured to fight recklessly!
You are too injured to fight recklessly!
You are too injured to fight recklessly!
Your skin crawls.
You feel resistant to hostile enchantments.
You feel somewhat more hungry.
The centaur shoots an arrow.
The arrow closely misses you.
The deep elf mage gestures wildly while chanting.
The deep elf mage blinks!
A red film seems to cover your vision as you go berserk!
You feel yourself moving faster!
You feel mighty!
You are near starving!
The centaur shoots an arrow.
The arrow misses you. The fire dragon bites you!
* * * LOW HITPOINT WARNING * * *
The fire dragon claws you but does no damage.
The fire dragon tramples you but does no damage.
The deep elf mage points at you and mumbles some strange words.
The bolt of cold hits you!
You die...

#. #. .#### # #.......#
### #. #..##.#.# ....
#.##..##.#.# ....#
##.....[(.#'####......
#...........§c.......#
###........(((.(##§....#
..#.............@D.....'
..#.......(e....##.....#
.........(####'## .....
..........# #.# ##.#
......##### #.# #
##....# #.# #....# #..
##....# ........


You could see a fire dragon, a deep elf mage and a centaur.

Vanquished Creatures
  Kirke (Lair:6)
  2 orc warlords
  The ghost of poxu the Earth Mage, a journeyman FoEE of Cheibriados (Lair:5)
  Snorg (D:10)
  A fire dragon (Lair:6)
  An ice dragon (D:15)
  2 catoblepae
  Erolcha (D:10)
  6 hydras
  An ogre mage (D:15)
  2 two-headed ogres (D:15)
  A centaur warrior (D:15)
  10 orc high priests (Orc:2)
  6 death yaks
  A dancing weapon (Lair:5)
  Urug (Orc:2)
  4 shambling mangroves (Lair:5)
  2 unseen horrors
  An orc knight (D:15)
  Pikel (D:4)
  A wizard (D:12)
  A lindwurm (Lair:5)
  3 orc sorcerers
  An ugly thing (D:12)
  2 wolf spiders (D:15)
  The ghost of HoaS the Ruffian, a novice GrBe of Trog (D:6)
  13 elephants
  2 molten gargoyles (Lair:6)
  2 centaur zombies
  Maurice (Orc:2)
  7 black mambas
  2 gargoyles
  8 spiny frogs
  4 rime drakes
  11 komodo dragons
  8 trolls
  7 hornets (Lair:5)
  6 slime creatures (D:15)
  Grinder (D:3)
  A tyrant leech (Lair:3)
  9 blink frogs
  7 hippogriffs
  A centaur simulacrum (D:15)
  A shadow (D:12)
  24 yaks
  A spriggan (Lair:6)
  A vampire (D:12)
  4 wyverns
  A human (D:7)
  5 hogs
  4 basilisks
  A hungry ghost (D:11)
  2 swamp worms (Lair:3)
  4 steam dragons
  Menkaure (D:7)
  2 wargs
  An acid dragon (D:8)
  23 water moccasins
  5 hell hounds (Lair:6)
  4 porcupines
  4 black bears
  17 orc warriors
  4 sky beasts
  2 phantoms
  2 boggarts (D:10)
  4 necrophages
  An eye of draining (D:12)
  2 ice beasts
  10 ogres
  6 wolves
  14 centaurs
  13 crocodiles
  3 big kobolds
  Blork the orc (D:4)
  10 bullfrogs
  6 scorpions
  4 killer bees
  A howler monkey (D:11)
  6 crimson imps
  5 lava snakes (Lair:6)
  A bullfrog zombie (D:12)
  A quasit (D:8)
  13 orc priests
  4 jellies
  3 bullfrog skeletons
  A hound (D:8)
  A gnoll shaman (D:3)
  7 orc wizards
  5 iguanas
  8 worker ants
  2 killer bee zombies (D:7)
  2 hound zombies
  2 hound skeletons
  3 worker ant zombies
  7 gnolls
  16 adders
  3 shadow imps
  An ooze (D:2)
  3 adder zombies
  An adder skeleton (D:9)
  2 worms
  2 leopard geckos (D:5)
  44 orcs
  3 giant cockroaches
  7 goblins
  11 hobgoblins
  13 jackals
  17 kobolds
  4 quokkas
  6 ball pythons
  5 bats
  6 frilled lizards
  A leopard gecko zombie (D:7)
  10 rats
559 creatures vanquished.

Vanquished Creatures (collateral kills)
  A blink frog (Lair:6)
  6 yaks (Lair:6)
7 creatures vanquished.

Vanquished Creatures (others)
  2 minotaurs (D:1)
  An unseen horror (D:15)
  An elf (D:1)
  A spriggan (D:1)
  5 humans (Lair:6)
  A dwarf (D:1)
  2 slaves (D:4)
  An ogre (D:1)
  A boggart (D:10)
  2 centaurs (D:1)
  A mummy (D:1)
  A gnoll (D:4)
  An orc (D:1)
  2 kobolds (D:1)
  10 bushes (Lair:6)
  42 fungi
  27 plants
  4 tentacles (D:1)
105 creatures vanquished.

Grand Total: 671 creatures vanquished

Notes
Turn   | Place    | Note
-------+----------+-------------------------------------------
     0 | D:1      | HoaS the Gargoyle Berserker began the quest for the Orb.
     0 | D:1      | Reached XP level 1. HP: 14/14 MP: 1/1
     0 | D:1      | Noticed a minotaur
     0 | D:1      | Noticed an ogre
     0 | D:1      | Noticed a spriggan
     0 | D:1      | Noticed a minotaur
     0 | D:1      | Noticed a kraken
     0 | D:1      | Noticed a centaur
     0 | D:1      | Noticed a centaur
     0 | D:1      | Noticed a dwarf
     0 | D:1      | Noticed an elf
     3 | D:1      | Killed a centaur
     5 | D:1      | Killed an elf
     7 | D:1      | Killed a dwarf
     8 | D:1      | Killed an ogre
     9 | D:1      | Killed a spriggan
    10 | D:1      | Killed a centaur
    14 | D:1      | Killed a minotaur
    15 | D:1      | Killed a minotaur
    63 | D:1      | Reached XP level 2. HP: 15/19 MP: 2/2
   182 | D:1      | Reached ** piety under Trog
   259 | D:1      | Reached XP level 3. HP: 20/23 MP: 3/3
   824 | D:2      | Reached XP level 4. HP: 28/29 MP: 4/4
  1486 | D:3      | Reached skill level 4 in Unarmed Combat
  1538 | D:3      | Reached *** piety under Trog
  1683 | D:3      | Noticed Grinder
  1713 | D:3      | Paralysed by Grinder for 2 turns
  1721 | D:3      | Killed Grinder
  1721 | D:3      | Reached XP level 5. HP: 21/34 MP: 5/5
  1721 | D:3      | Reached XP level 6. HP: 24/39 MP: 6/6
  1940 | D:3      | Found an opulent altar of Gozag.
  2076 | D:4      | Noticed Pikel
  2076 | D:4      | Noticed a slave
  2076 | D:4      | Noticed a slave
  2077 | D:4      | Noticed a slave
  2078 | D:4      | Noticed a slave
  2114 | D:4      | Killed Pikel
  2114 | D:4      | Reached skill level 5 in Fighting
  2114 | D:4      | Reached skill level 6 in Unarmed Combat
  2114 | D:4      | Reached XP level 7. HP: 37/44 MP: 7/7
  2244 | D:3      | Reached XP level 8. HP: 42/49 MP: 8/8
  2791 | D:4      | Reached skill level 5 in Armour
  3028 | D:4      | Noticed Blork the orc
  3042 | D:4      | Killed Blork the orc
  3143 | D:5      | Entered Level 5 of the Dungeon
  3539 | D:5      | Reached skill level 7 in Unarmed Combat
  4447 | D:6      | Reached XP level 9. HP: 55/55 MP: 9/9
  4516 | D:6      | Found a runed door.
  4529 | D:6      | Noticed HoaS's ghost (novice GrBe)
  4549 | D:6      | Killed HoaS's ghost
  4549 | D:6      | Reached skill level 8 in Unarmed Combat
  4598 | D:6      | Found a staircase to the Ecumenical Temple.
  5777 | D:7      | Reached **** piety under Trog
  5820 | D:6      | Reached skill level 5 in Dodging
  6171 | D:7      | Reached skill level 9 in Unarmed Combat
  6484 | D:7      | Noticed Menkaure
  6488 | D:7      | Killed Menkaure
  6546 | D:7      | Reached XP level 10. HP: 53/63 MP: 10/10
  7340 | D:8      | Found a basalt altar of Yredelemnul.
  7446 | D:8      | Reached skill level 10 in Unarmed Combat
  8221 | D:8      | Found a staircase to the Lair.
  8642 | D:9      | Reached XP level 11. HP: 48/69 MP: 11/11
  9015 | D:10     | Entered Level 10 of the Dungeon
  9153 | D:10     | Reached skill level 11 in Unarmed Combat
  9164 | D:10     | Noticed Snorg
  9211 | D:10     | Killed Snorg
  9635 | D:10     | Noticed Erolcha
  9649 | D:10     | Killed Erolcha
  9725 | D:10     | Noticed a two-headed ogre
 10790 | D:11     | Found a staircase to the Orcish Mines.
 10804 | D:11     | Found Diakir's Antique Armour Shoppe.
 10819 | D:11     | Killed an unseen horror
 10825 | D:11     | Bought an ancient helmet for 351 gold pieces
 10830 | D:11     | Identified the cursed +0 helmet "Afuar" {rC- rN++ Str+5}
                  | (You bought it in a shop on level 11 of the Dungeon)
 11042 | D:11     | Bought a shiny helmet for 277 gold pieces
 11087 | D:12     | Reached ***** piety under Trog
 11213 | D:12     | Killed an unseen horror
 11269 | D:12     | Noticed a wizard
 11277 | D:12     | Killed a wizard
 11277 | D:12     | Reached skill level 12 in Unarmed Combat
 11470 | D:12     | Reached XP level 12. HP: 51/77 MP: 12/12
 11486 | D:12     | Reached skill level 10 in Fighting
 12097 | Lair:1   | Entered Level 1 of the Lair of Beasts
 12967 | Lair:2   | Received a gift from Trog
 12974 | Lair:2   | Reached skill level 10 in Armour
 13589 | Lair:3   | Found a staircase to the Snake Pit.
 13679 | Lair:3   | Reached skill level 13 in Unarmed Combat
 14256 | Lair:3   | Found a staircase to the Swamp.
 15278 | Lair:5   | Reached XP level 13. HP: 79/84 MP: 13/13
 15802 | Lair:5   | Found a staircase to the Slime Pits.
 16072 | Lair:5   | Reached skill level 14 in Unarmed Combat
 16817 | Lair:5   | Found a runed door.
 16817 | Lair:5   | Found a shimmering altar of Xom.
 16875 | Lair:5   | Noticed poxu's ghost (journeyman FoEE)
 16923 | Lair:5   | Killed poxu's ghost
 17744 | Lair:6   | Entered Level 6 of the Lair of Beasts
 18096 | Lair:6   | Gained mutation: Your large and strong wings let you fly
                  | indefinitely. [Gargoyle growth]
 18096 | Lair:6   | Reached XP level 14. HP: 47/92 MP: 14/14
 18300 | Lair:5   | Reached skill level 15 in Unarmed Combat
 18799 | Lair:6   | Noticed Kirke
 18813 | Lair:6   | Killed Kirke
 19031 | Lair:6   | Received a gift from Trog
 20528 | Lair:6   | Found a large runed door.
 20528 | Lair:6   | Found a large runed door.
 21462 | Orc:1    | Entered Level 1 of the Orcish Mines
 21583 | Orc:2    | Entered Level 2 of the Orcish Mines
 21628 | Orc:2    | Reached skill level 10 in Dodging
 21989 | Orc:2    | Noticed an orc warlord
 22096 | Orc:1    | Killed an orc warlord
 22096 | Orc:1    | Reached skill level 16 in Unarmed Combat
 22096 | Orc:1    | Reached XP level 15. HP: 98/98 MP: 15/15
 22222 | Orc:2    | Found Diqik's Antique Weapon Shop.
 22234 | Orc:2    | Found Zorphirua's General Store.
 22238 | Orc:2    | Noticed Urug
 22277 | Orc:2    | Killed Urug
 22340 | Orc:2    | Noticed Maurice
 22608 | Orc:2    | Found Liycwuh's Jewellery Emporium.
 22921 | Orc:2    | Killed Maurice
 22958 | Orc:2    | Found Daug's Antique Armour Shop.
 22964 | Orc:2    | Found a staircase to the Elven Halls.
 23190 | Orc:1    | Noticed an orc warlord
 23210 | Orc:2    | Killed an orc warlord
 23651 | Orc:1    | Found a roughly hewn altar of Beogh.
 23906 | D:13     | You are sucked into a shaft for 2 floors!
 23906 | D:15     | Entered Level 15 of the Dungeon
 23946 | D:15     | Found Awnehobi's General Store.
 24102 | D:15     | Bought a ration for 75 gold pieces
 24102 | D:15     | Bought a scroll of identify for 30 gold pieces
 24102 | D:15     | Bought a potion of curing for 45 gold pieces
 24102 | D:15     | Bought a potion of curing for 45 gold pieces
 24298 | D:15     | Killed from afar by a deep elf mage

Skill      XL: |  1  2  3  4  5  6  7  8  9 10 11 12 13 14 15 |
---------------+----------------------------------------------+-----
Dodging        | 2 3 4 5 6 7 8 9 10 | 10.5
Armour         | 3 4 5 7 8 9 10 11 12 13 | 13.3
Unarmed Combat | 4 6 7 9 10 12 13 14 16 | 16.7
Fighting       | 4 5 6 7 8 9 11 12 13 | 13.5

Action                   |  1- 3 |  4- 6 |  7- 9 | 10-12 | 13-15 || total
-------------------------+-------+-------+-------+-------+-------++-------
Melee: Unarmed           |   171 |   183 |   464 |   911 |   934 ||  2663
       Punch             |     5 |     5 |     9 |    46 |   100 ||   165
Invok: Trog's Hand       |       |     1 |     2 |     5 |     8 ||    16
       Berserk           |       |     1 |     2 |     2 |     5 ||    10
       Brothers in Arms  |       |       |       |       |     1 ||     1
 Abil: Fly               |       |       |       |       |     1 ||     1
Evoke: Wand              |       |       |       |       |    11 ||    11
  Use: Scroll            |     5 |     5 |     8 |    16 |     4 ||    38
       Potion            |       |       |       |       |     1 ||     1
 Stab: Sleeping          |       |       |       |     1 |       ||     1
  Eat: Chunk             |       |     5 |    11 |    33 |    26 ||    75
       Ration            |       |       |     2 |       |     3 ||     5
Armor: Animal skin       |    54 |    17 |       |       |       ||    71
       Chain mail        |       |    88 |   288 |    84 |       ||   460
       Plate armour      |       |       |       |   262 |       ||   262
       Steam dragon scal |       |       |       |   182 |   478 ||   660
Dodge: Dodged            |   103 |    96 |   236 |   652 |   747 ||  1834
